 Dungeon Crawl Stone Soup version 0.31-a0-149-g3fdcc5976a (webtiles) character file.

Game seed: 15792104160479185114

86 comborobin the Sneak (level 4, -1/27 HPs)
             Began as a Deep Elf Delver on June 7, 2023.
             Slain by Pikel
             ... wielding a +0 whip of flaming
              (3 damage)
             ... on level 4 of the Dungeon.
             The game lasted 00:01:52 (631 turns).

comborobin the Sneak (Deep Elf Delver)               Turns: 631, Time: 00:01:53

Health: -1/27      AC:  3    Str:  9    XL:     4   Next: 26%
Magic:  6/6        EV: 12    Int: 15    God:
Gold:   57         SH:  0    Dex: 18    Spells: 3/3 levels left

rFire   . . .        (no weapon)
rCold   . . .        (no shield)
rNeg    . . .        b - +0 leather armour
rPois   .            (no helmet)
rElec   .            (no cloak)
rCorr   .            (no gloves)
SInv    .            (no boots)
Will    .....        (no amulet)
Stlth   +++          (no ring)
HPRegen 0.24/turn    (no ring)
MPRegen 0.10/turn

%: no passive effects
@: no status effects
A: no striking features
a: no special abilities


You were on level 4 of the Dungeon.
You visited 1 branch of the dungeon, and saw 3 of its levels.

You collected 57 gold pieces.

Inventory:

Hand Weapons
 a - a +0 short sword
Armour
 b - a +0 leather armour (worn)
 e - the +0 ring mail of Hedge Wizardry {Stlth+}
   (You found it on level 5 of the Dungeon)

   Stlth:     It makes you more stealthy.
Magical Staves
 h - the staff of air "Moab" {rElec Will+ Stlth+}
   (You found it on level 5 of the Dungeon)

   [staff of air]

   Base accuracy: +5 Base damage: 5 Base attack delay: 1.2 This weapon's minimum
   attack delay (0.6) is reached at skill level 12.
   rElec:     It insulates you from electricity.
   Will:      It increases your willpower.
   Stlth:     It makes you more stealthy.
   It falls into the 'Staves' category.
   It is a one-handed weapon.
Wands
 g - a wand of digging (3)
Scrolls
 c - a scroll of fog
 d - a scroll of magic mapping
Potions
 f - a potion of heal wounds {unknown}


   Skills:
 - Level 2.6 Fighting
 + Level 3.9 Short Blades
 - Level 2.9 Dodging
 - Level 6.3 Stealth


You had 3 spell levels left.
You didn't know any spells.
Your spell library contained the following spells:

 Spells                   Type           Power      Damage    Failure   Level
 Ensorcelled Hibernation  Hex/Ice        0%         N/A       50%         2
 Passwall                 Tmut/Erth      0%         N/A       50%         2
 Swiftness                Air            0%         N/A       75%         3


Dungeon Overview and Level Annotations

Branches:
Dungeon (6/15)
 Temple: D:4-7

Altars:

Annotations:
D:4 Blork the orc, Natasha, Pikel


Message History

You hit the lemure.
The lemure is lightly wounded.
The lemure hits you but does no damage.
Okay, then.
Okay, then.
You are now empty-handed.
The lemure hits you! The lemure attacks as you move away!
The lemure closely misses you.
There is a stone staircase leading up here.
The lemure hits you!
You climb upwards.
Level annotation: Blork the orc, Pikel
There is a stone staircase leading down here.
As you read the scroll labelled ZABBIV JAIZEK, it crumbles to dust.
It is a scroll of identify.
j - a scroll of teleportation The lemure misses you.
As you read the scroll of teleportation, it crumbles to dust.
You feel strangely unstable. The lemure hits you.
The lemure attacks as you move away! The lemure closely misses you.
Natasha, Servant of Life and Death comes into view.
A goblin comes into view. It is wielding a +0 vampiric dagger.
The lemure attacks as you move away! The lemure misses you.
Found 6 gold pieces.
Your surroundings suddenly seem different.
Found a stone staircase leading up.
The orc shouts!
The orc priest shouts!
The lemure shouts!
A dart slug comes into view.
The orc priest invokes the aid of Beogh against you.
Pain shoots through your body!
* * * LOW HITPOINT WARNING * * *
The orc priest mumbles some strange prayers to Beogh against you.
You barely resist. Pikel attacks as you move away! Pikel completely misses you.
Blork the orc casts a spell.
Blork the orc seems to speed up.
Pikel attacks as you move away!
Pikel hits you with a +0 whip of flaming!
* * * LOW HITPOINT WARNING * * *
Pikel burns you.
You die...

.. . ... #.. #..
..###### #
#......#.# ... .
#......... ...
... #........#
... ..#.#.@<#
... ....#.K## .
##..5.o#
##...oo5# #..
###.....o.###..#
.
......o.5..#..#
..
#............#
............##
...........##


You could see Pikel, Blork the orc (fast), 3 lemures, an orc priest, an orc
wizard and 2 orcs.

Vanquished Creatures
  A hound (D:5)
  A jelly (D:5)
  An iguana (D:5)
  An orc (D:5)
4 creatures vanquished.

Notes
Turn   | Place    | Note
-------+----------+-------------------------------------------
     0 | D:5      | comborobin the Deep Elf Delver began the quest for the Orb.
     0 | D:5      | Reached XP level 1. HP: 13/13 MP: 3/3
    24 | D:5      | Noticed an iguana
    28 | D:5      | Killed an iguana
    29 | D:5      | Reached XP level 2. HP: 18/18 MP: 4/4
    93 | D:5      | Reached XP level 3. HP: 22/22 MP: 5/5
   111 | D:5      | Reached XP level 4. HP: 9/27 MP: 6/6
   258 | D:4      | Noticed a scorpion
   469 | D:5      | Identified the staff of air "Moab" {rElec Will+ Stlth+}
   515 | D:4      | Noticed Blork the orc
   515 | D:4      | Noticed Pikel
   515 | D:4      | Noticed a lemure
   515 | D:4      | Noticed a lemure
   515 | D:4      | Noticed a lemure
   515 | D:4      | Noticed a lemure
   587 | D:5      | Identified the +0 ring mail of Hedge Wizardry {Stlth+}
   622 | D:4      | Noticed Natasha
   631 | D:4      | Slain by Pikel

Illustrated notes

Levels and vault maps discovered:
D:4:      layout_cave_pools, nemelex_spade_bored_becter, hangedman_decor_lopped,
          hellmonk_guarded_unrand_hermit, uniq_blork_the_orc, uniq_natasha,
          uniq_pikel
D:5:      layout_basic
D:6:      layout_rooms, minmay_temple_entry_purple_smoke

Skill      XL: |  1  2 |
---------------+-------+-----
Short Blades   | 3 |  3.9
Fighting       | |  2.6
Dodging        | |  2.9
Stealth        | |  6.3

Action                     |  1- 3 |  4- 6 || total
---------------------------+-------+-------++-------
  Melee: Short sword       |     7 |     4 ||    11
    Use: Potion            |     1 |       ||     1
         Scroll            |       |     3 ||     3
   Stab: Sleeping          |     2 |     1 ||     3
 Armour: Leather armour    |     2 |     4 ||     6
  Dodge: Dodged            |     1 |    10 ||    11

Table legend: (Time is in decaauts)
 A = Elapsed time spent in this place.
 B = Non-inter-level travel time spent in this place.
 C = Inter-level travel time spent in this place.
 D = Time resting spent in this place.
 E = Time spent auto-exploring this place.
 F = Levels seen in this place.
 G = Mean time per level.
                   A        B        C        D        E       F      G
               +--------+--------+--------+--------+--------+-----+--------+
         Total |    609 |    559 |     50 |     34 |    336 |   3 |  203.0 |
       Dungeon |    609 |    559 |     50 |     34 |    336 |   3 |  203.0 |
               +--------+--------+--------+--------+--------+-----+--------+

Top non-repeatable levels by time:
     D:5: 589 daAuts
     D:4: 18 daAuts
     D:6: 1 daAuts
